 Dungeon Crawl Stone Soup version 0.24-a0-578-gf1077d3 (webtiles) character file.

Game seed: 11591744334644968152

19 silenth the Slasher (level 2, 0/22 HPs)
             Began as a Vampire Gladiator on Aug 21, 2019.
             Slain by a hound (4 damage)
             ... on level 2 of the Dungeon.
             The game lasted 00:00:50 (497 turns).

silenth the Slasher (Vampire Gladiator)              Turns: 497, Time: 00:00:51

Health: 0/22       AC:  4    Str: 13    XL:     2   Next: 55%
Magic:  2/2        EV: 13    Int: 10    God:
Gold:   59         SH:  0    Dex: 15    Spells: 1/1 levels left

rFire    . . .     SeeInvis +   a - +0 long sword
rCold    . . .     Gourm    .   (no shield)
rNeg     . . .     Faith    .   b - +0 leather armour
rPois    .         Spirit   .   c - +0 helmet
rElec    .         Reflect  .   (no cloak)
rCorr    .         Harm     .   (no gloves)
MR       .....                  (no boots)
Stlth    +.........             (no amulet)
HPRegen  0.27/turn              (no ring)
MPRegen  0.08/turn              (no ring)

@: regenerating quickly
A: no food, fangs 3, see invisible, unbreathing
a: Exsanguinate


You were on level 2 of the Dungeon.
You were alive.

You visited 1 branch of the dungeon, and saw 2 of its levels.

You collected 59 gold pieces.

Inventory:

Hand Weapons
 a - a +0 long sword (weapon)
Missiles
 d - 3 throwing nets (quivered)
Armour
 b - a +0 leather armour (worn)
 c - a +0 helmet (worn)
Scrolls
 e - 2 scrolls of teleportation {unknown}
 f - a scroll of immolation {unknown}
 g - a scroll of random uselessness {unknown}
 i - a scroll of blinking {unknown}
Potions
 h - a potion of degeneration {unknown}


   Skills:
 + Level 2.1 Fighting
 * Level 3.6 Long Blades
 - Level 1.5 Throwing
 - Level 3.2 Dodging


You had one spell level left.
You didn't know any spells.
Your spell library was empty.

Dungeon Overview and Level Annotations

Branches:
Dungeon (2/15)

Altars:


Innate Abilities, Weirdness & Mutations

You do not eat.
Your natural rate of healing is unusually fast.
You have razor-sharp teeth.
You have supernaturally acute eyesight. (SInv)
You can survive without breathing.


Message History

The hound barely misses you. The hound barely misses you.
The hound bites you but does no damage.
You hit the hound but do no damage. Your bite misses the hound.
The hound is heavily wounded.
The hound bites you. The hound bites you but does no damage.
You hit the hound.
The hound is almost dead.
The hound barely misses you.
You closely miss the hound.
The hound is almost dead.
The hound bites you. x2
* * * LOW HITPOINT WARNING * * *
You closely miss the hound.
The hound is almost dead.
The hound bites you.
* * * LOW HITPOINT WARNING * * *
The hound barely misses you. The hound bites you.
You die...

###..........###
........†.......
..)..#.#..#
#...K...##
#...#####..######
. #S......#
#K#####.# . #.h.#
.## ###@# ..#
##..# #.# #..##
#.# #####.## #.#
#.....#
#.#####.#####
#..##...#
##....###
####......#


You could see a hound, an adder and a kobold.

Vanquished Creatures
  An ooze (D:1)
  A giant cockroach (D:1)
  3 goblins (D:1)
  A bat (D:1)
  4 frilled lizards
  2 kobolds (D:1)
  5 rats (D:1)
17 creatures vanquished.

Notes
Turn   | Place    | Note
-------+----------+-------------------------------------------
     0 | D:1      | silenth the Vampire Gladiator began the quest for the Orb.
     0 | D:1      | Reached XP level 1. HP: 16/16 MP: 1/1
    90 | D:1      | Reached skill level 2 in Fighting
    97 | D:1      | Reached XP level 2. HP: 13/22 MP: 2/2
   497 | D:2      | Slain by a hound

Levels and vault maps discovered:
D:1:      minmay_arrival_jagged, layout_rooms, serial_bayou_pond_b,
          serial_bayou_lagoon_a
D:2:      layout_rooms, serial_glass, glass_columns_b, glass_columns_a,
          glass_columns_a, glass_columns_a

Skill      XL: |  1 |
---------------+----+-----
Fighting       | 2 |  2.1
Long Blades    | |  3.6
Throwing       | |  1.5
Dodging        | |  3.2

Action                   || total
-------------------------++-------
Melee: Long sword        ||    43
       Bite              ||     4
Armor: Leather armour    ||    12
Dodge: Dodged            ||    37
       Rpst.: Long sword ||     8

Table legend:
 A = Non-vault XP
 B = Vault XP
 C = Vault XP percentage of total XP
 D = Non-vault monster count
 E = Vault monster count
 F = Vault count percentage of total count
                 A         B        C        D         E       F
            +---------+---------+-------+---------+---------+-------
      Total |      25 |       3 |  10.7 |      15 |       2 |  11.8
            +---------+---------+-------+---------+---------+-------
        D:1 |      23 |       3 |  11.5 |      13 |       2 |  13.3
        D:2 |       2 |       0 |   0.0 |       2 |       0 |   0.0
            +---------+---------+-------+---------+---------+-------
